 Dungeon Crawl Stone Soup version 0.22-a0-351-g29664b4 (webtiles) character file.

16 Kairos the Shield-Bearer (level 2, 9/28 HPs)
             Began as a Deep Dwarf Fighter on Apr 12, 2018.
             Got out of the dungeon alive.
             The game lasted 00:00:45 (904 turns).

Kairos the Shield-Bearer (Deep Dwarf Fighter)        Turns: 904, Time: 00:00:46

Health: 9/28       AC:  6    Str: 19    XL:     2   Next: 41%
Magic:  2/2        EV:  7    Int:  8    God:
Gold:   43         SH:  9    Dex: 12    Spells: 1/1 levels left

rFire    . . .     SeeInvis .   a - +0 war axe
rCold    . . .     Gourm    .   c - +0 shield
rNeg     . . .     Faith    .   b - +0 scale mail
rPois    .         Spirit   .   (no helmet)
rElec    .         Reflect  .   (no cloak)
rCorr    .         Harm     .   (no gloves)
MR       .....                  (no boots)
Stlth    ..........             (no amulet)
HPRegen  0.00/turn              (no ring)
MPRegen  0.08/turn              (no ring)

@: non-regenerating
A: damage resistance, heal wounds, sense surroundings 1, no regeneration
a: Heal Wounds


You escaped.
You were not hungry.

You visited 1 branch of the dungeon, and saw 1 of its levels.

You collected 43 gold pieces.

Inventory:

Hand Weapons
 a - a +0 war axe (weapon)
Armour
 b - a +0 scale mail (worn)
 c - a +0 shield (worn)
Scrolls
 e - 2 scrolls of magic mapping {unknown}
 g - a scroll of identify {unknown}
 i - a scroll of immolation {unknown}
 l - a scroll of fear {unknown}
 m - a scroll of blinking {unknown}
Potions
 d - a potion of might
 h - a potion of cancellation {unknown}
 j - a potion of agility {unknown}
 k - a potion of mutation {unknown}
Comestibles
 f - 4 rations


   Skills:
 + Level 3.0 Fighting
 + Level 2.4 Axes
 + Level 3.4 Armour
 + Level 3.6 Shields


You had one spell level left.
You didn't know any spells.

Dungeon Overview and Level Annotations

Branches:
Dungeon (1/15)

Altars:


Innate Abilities, Weirdness & Mutations

You are resistant to damage.
You can heal yourself by infusing magical energy.
You passively map a small area around you.
You do not regenerate.


Message History

You closely miss the hobgoblin.
The hobgoblin is almost dead.
The hobgoblin barely misses you.
You barely miss the hobgoblin.
The hobgoblin is almost dead.
The hobgoblin barely misses you.
The hobgoblin hits you but does no damage.
You slash the hobgoblin!
You kill the hobgoblin!
You see here a club.
You start waiting.
Done waiting.
You start waiting.
Done waiting.
There is a stone staircase leading down here.
Done exploring.
Done exploring.
There is a staircase leading out of the dungeon here.
Are you sure you want to leave the Dungeon?
This will make you lose the game!
You have escaped!

........# #.# #.......#.#.######
........###.# #########.#..#
>...........# #.##.##
........##### #.##..# ........#
#.###.## ........# ########## #.#
#..# ........#
##....#...####.####.###
........###...........##.........
........##...#).@..#...#######.##
#########...###...###...## #.##
##...## ##### ##...## #..#
##...## #...# ##...## ##.#
##...######.#.######...## #.#
#..#.†......#........#..# #.#
#.##.#...##.#.###..#.##.# #..
#.#..###.##.#.)#.###..#.# ##.
#...............((......# #.


There were no monsters in sight!

Vanquished Creatures
  2 giant cockroaches (D:1)
  A goblin (D:1)
  4 hobgoblins (D:1)
  2 jackals (D:1)
  5 kobolds (D:1)
14 creatures vanquished.

Notes
Turn   | Place    | Note
-------+----------+-------------------------------------------
     0 | D:1      | Kairos the Deep Dwarf Fighter began the quest for the Orb.
     0 | D:1      | Reached XP level 1. HP: 20/20 MP: 1/1
   255 | D:1      | Reached XP level 2. HP: 18/27 MP: 2/2
   904 | D:$      | Got out of the dungeon alive.

Vault maps used:
D:1:      dpeg_chamrin_arrival_tetris

Skill      XL: |  1  2 |
---------------+-------+-----
Fighting       | 3 |  3.0
Axes           | |  2.4
Armour         | |  3.4
Shields        | |  3.6

Action                   || total
-------------------------++-------
Melee: War axe           ||    39
Armor: Scale mail        ||    20
Dodge: Dodged            ||    16
Block: Shield            ||    26

Table legend:
 A = Spawn XP
 B = Non-spawn XP
 C = Spawn XP percentage of total XP
 D = Spawn monster count
 E = Non-spawn monster count
 F = Spawn count percentage of total count
 G = Total turns spent on level
                    A         B        C        D         E        F      G
               +---------+---------+-------+---------+---------+-------+---------
         Total |       0 |      24 |   0.0 |       0 |      14 |   0.0 |   904
               +---------+---------+-------+---------+---------+-------+---------
           D:1 |       0 |      24 |   0.0 |       0 |      14 |   0.0 |   904
               +---------+---------+-------+---------+---------+-------+---------
